 Dungeon Crawl Stone Soup version 0.31.0-32-g396128a36d (webtiles) character file.

Game seed: 13419491535464376241

2766 spaghetti the Thaumaturge (level 9, -2/74 HPs)
             Began as an Oni Summoner on Mar 9, 2024.
             Was an Initiate of Kikubaaqudgha.
             Slain by Maurice
             ... wielding a +0 dagger
              (8 damage)
             ... on level 6 of the Dungeon.
             The game lasted 00:14:16 (7378 turns).

spaghetti the Thaumaturge (Oni Summoner)            Turns: 7378, Time: 00:14:16

Health: -2/74      AC:  4    Str: 20    XL:     9   Next: 69%
Magic:  0/23       EV: 14    Int: 20    God:    Kikubaaqudgha [......]
Gold:   0          SH:  0    Dex:  9    Spells: 14/28 levels left

rFire   + . .        g - +2 dagger (venom)
rCold   + . .        (no shield)
rNeg    . . .        d - +1 robe of Vines {NoPotionHeal Regen++++}
rPois   +            (helmet restricted)
rElec   +            (no cloak)
rCorr   +            (gloves unavailable)
SInv    .            (boots unavailable)
Will    .....        (no amulet)
Stlth   +            c - +5 ring of evasion
HPRegen 3.52/turn    h - +6 ring of strength
MPRegen 0.18/turn

%: no passive effects
@: mighty, resistant
A: large, unfitting armour, horns 1, tough skin 1, double potion healing,
drunken brawling
a: Renounce Religion


You were on level 6 of the Dungeon.
You worshipped Kikubaaqudgha.
Kikubaaqudgha was noncommittal.
You visited 2 branches of the dungeon, and saw 8 of its levels.

Inventory:

Hand Weapons
 g - a +2 dagger of venom (weapon)
Missiles
 x - a large rock
Armour
 a - a +0 robe
 d - the +1 robe of Vines (worn) {NoPotionHeal Regen++++}
   (You acquired it on level 3 of the Dungeon)

   NoPotionHeal: Its wearer cannot be healed by potions.
   Regen++++: It increases your rate of health regeneration.
Jewellery
 c - a +5 ring of evasion (left hand)
 h - a +6 ring of strength (right hand)
 q - a ring of magical power
Wands
 m - a wand of flame (20)
 p - a wand of charming (29)
 y - a wand of light (7)
Scrolls
 k - a scroll of fog
 l - 2 scrolls of teleportation
 o - a scroll of amnesia
 r - a scroll of revelation
 s - 3 scrolls of immolation
 w - a scroll of poison
 z - a scroll of vulnerability
Potions
 b - a potion of magic
 i - 3 potions of curing
 j - 9 potions of heal wounds
 v - 2 potions of ambrosia {unknown}


   Skills:
 - Level 1.7 Dodging
 - Level 1.4 Stealth
 + Level 10.3 Spellcasting
 + Level 9.2 Summonings


You had 14 spell levels left.
You knew the following spells:

 Your Spells              Type           Power      Damage    Failure   Level
a - Summon Small Mammal   Summ           100%       N/A       1%          1
b - Call Imp              Summ           94%        N/A       1%          2
c - Call Canine Familiar  Summ           47%        N/A       1%          3
d - Summon Lightning Spi  Summ/Air       28%        N/A       10%         4
e - Dispel Undead         Necr           10%        3d9       54%         4

Your spell library contained the following spells:

 Spells                   Type           Power      Damage    Failure   Level
 Kiss of Death            Conj/Necr      40%        2d8       7%          1
 Summon Blazeheart Golem  Fire/Summ      28%        N/A       10%         4
 Confusing Touch          Hex            10%        N/A       21%         3


Dungeon Overview and Level Annotations

Branches:
Dungeon (7/15)             Temple (1/1) D:6

Altars:
Ashenzari
Cheibriados
Dithmenos
Elyvilon
Fedhas
Gozag
Hepliaklqana
Kikubaaqudgha
Nemelex Xobeh
Okawaru
Qazlal
Ru
Sif Muna
Trog
Uskayaw
Vehumet
Wu Jian
Xom
Yredelemnul
Zin
The Shining One

Shops:
D:2 ?

Annotations:
D:4 exclusion: oklob plant
D:5 4 runed translucent doors, DiddlyDoom's ghost, novice GrEE
D:6 Maurice


Innate Abilities, Weirdness & Mutations

You are too large for most types of armour.
You have a pair of small horns on your head.
You have tough skin. (AC +1)
You gain doubled healing and magic from potions.
Whenever you drink a healing potion, you attack all around you.


Message History

You feel your power leaking away. Something drains your magic.
You completely miss something. Your headbutt misses something.
Something hits you but does no damage. Something bites you.
Something drains your magic.
You miss something.
You hear a zap.
An iceblast appears from out of thin air!
The mass of ice explodes!
The iceblast engulfs you!
The iceblast engulfs something.
The iceblast engulfs your rat!
Your rat dies!
Your rat's corpse disappears in a puff of smoke!
You miss something.
You hear a shout!
Something hits you!
Something grunts, "Curses!"
Something bites you.
You feel your power leaking away. Something drains your magic.
You completely miss something. Something hits you!
* * * LOW HITPOINT WARNING * * *
Something grunts, "Curses!"
Something bites you!
* * * LOW HITPOINT WARNING * * *
Something drains your magic.
You feel protected. Something hits you.
* * * LOW HITPOINT WARNING * * *
Something grunts, "Curses!"
Something bites you but does no damage.
You feel very mighty all of a sudden. Something hits you!
* * * LOW HITPOINT WARNING * * *
Something mutters, "Now where did you hide it?"
Something bites you.
* * * LOW HITPOINT WARNING * * *
Something drains your magic.
You barely miss something. Something hits you!
You die...
Kikubaaqudgha rasps: "You have failed me!
Welcome... death!"

~# ############# ~# ~# .#
.########################
....................)...#
......................>.#
........................#
...............{@.......#
........................#
#########################
.'...........#
.#...........#
.#...........#
.#...........#
################
.###..#####....#


There were no monsters in sight!

Vanquished Creatures
  Grinder (D:3)
  A yak (D:6)
  A water moccasin (D:6)
  A centaur (D:6)
  A bullfrog (D:7)
  2 scorpions
  3 wights (D:7)
  A bombardier beetle (D:5)
  A jelly (D:7)
  A hound (D:6)
  Natasha (D:2)
  An orc wizard (D:4)
  3 gnolls
  A shadow imp (D:5)
  A dart slug (D:1)
  2 orcs
  4 bats
  5 endoplasms
  3 giant cockroaches
  10 goblins
  4 hobgoblins
  8 jackals
  2 quokkas
  5 ball pythons
  4 frilled lizards
  A goblin skeleton (D:5)
  A jackal zombie (D:5)
  4 kobolds
  3 rats
76 creatures vanquished.

Vanquished Creatures (collateral kills)
  A steam dragon (D:7)
  An ice beast (D:6)
  5 scorpions
  13 wights
  A howler monkey (D:6)
  An electric eel (D:6)
  A bombardier beetle (D:5)
  2 jellies
  2 orc priests (D:5)
  Natasha (twice) (D:2)
  An iguana (D:5)
  2 orc wizards (D:6)
  Robin (D:2)
  4 gnolls
  2 adders
  A shadow imp (D:6)
  18 orcs
  A bat (D:2)
  3 endoplasms
  A giant cockroach (D:2)
  8 goblins
  2 hobgoblins (D:2)
  A jackal (D:1)
  A quokka (D:4)
  3 ball pythons
  A frilled lizard (D:3)
  5 kobolds
  3 rats
87 creatures vanquished.

Grand Total: 163 creatures vanquished

Notes
Turn   | Place    | Note
-------+----------+-------------------------------------------
     0 | D:1      | spaghetti the Oni Summoner began the quest for the Orb.
     0 | D:1      | Reached XP level 1. HP: 16/16 MP: 3/3
   143 | D:1      | Reached XP level 2. HP: 21/24 MP: 3/5
   155 | D:1      | Learned a level 2 spell: Call Imp
   325 | D:1      | Reached skill level 3 in Spellcasting
   503 | D:1      | Reached XP level 3. HP: 29/31 MP: 7/7
   507 | D:1      | Learned a level 3 spell: Call Canine Familiar
   867 | D:2      | Noticed Robin
   917 | D:2      | Killed Robin
   918 | D:2      | Reached XP level 4. HP: 31/39 MP: 0/9
  1032 | D:2      | Found Royss's Magic Scroll Emporium.
  1247 | D:2      | Noticed Natasha
  1258 | D:2      | Killed Natasha
  1259 | D:2      | Reached skill level 4 in Spellcasting
  1263 | D:2      | Noticed Natasha
  1275 | D:2      | Killed Natasha
  1276 | D:2      | Reached XP level 5. HP: 22/45 MP: 4/11
  1762 | D:2      | Noticed Natasha
  1768 | D:2      | Killed Natasha
  1769 | D:2      | Reached skill level 5 in Summonings
  2350 | D:3      | Identified a scroll of acquirement
  2350 | D:3      | Acquired the +1 robe of Vines {NoPotionHeal Regen++++}
  2350 | D:3      | Found the +1 robe of Vines {NoPotionHeal Regen++++}
  2414 | D:3      | Noticed Grinder
  2436 | D:3      | Paralysed by Grinder for 2 turns
  2442 | D:3      | Killed Grinder
  2443 | D:3      | Reached skill level 5 in Spellcasting
  2443 | D:3      | Reached XP level 6. HP: 53/53 MP: 8/14
  3474 | D:4      | Reached XP level 7. HP: 59/59 MP: 8/15
  3476 | D:4      | Reached skill level 6 in Spellcasting
  3759 | D:4      | Found a blossoming altar of Fedhas.
  3773 | D:4      | Noticed an oklob plant
  3908 | D:4      | Identified the +10 sling of the Shining Light {drain,
                  | Dex+2}
  3944 | D:4      | Found a sacrificial altar of Ru.
  3944 | D:4      | Found a bloodstained altar of Trog.
  4098 | D:5      | Entered Level 5 of the Dungeon
  4386 | D:5      | Found a runed translucent gate.
  4387 | D:5      | Noticed DiddlyDoom's ghost (novice GrEE)
  4388 | D:5      | Found a runed translucent gate.
  4389 | D:5      | Found a runed translucent gate.
  4642 | D:5      | Noticed a human
  4643 | D:5      | Found a runed translucent door.
  4691 | D:5      | Found a basalt altar of Yredelemnul.
  4740 | D:5      | Identified the +7 whip of the Ageing Lamprey {drain, rCorr}
  4754 | D:5      | Reached skill level 7 in Spellcasting
  4973 | D:5      | Reached XP level 8. HP: 59/67 MP: 13/18
  5512 | D:6      | Reached skill level 8 in Spellcasting
  5583 | D:6      | Found an iron altar of Okawaru.
  5736 | D:6      | Found a blossoming altar of Fedhas.
  5758 | D:6      | Noticed a yak
  5780 | D:6      | Killed a yak
  5787 | D:6      | Learned a level 4 spell: Summon Lightning Spire
  6042 | D:6      | Found a staircase to the Ecumenical Temple.
  6056 | D:6      | Reached skill level 9 in Spellcasting
  6056 | D:6      | Reached XP level 9. HP: 74/74 MP: 13/22
  6143 | D:6      | Learned a level 4 spell: Dispel Undead
  6151 | D:6      | Found a hide-covered altar of Uskayaw.
  6399 | Temple   | Entered the Ecumenical Temple
  6423 | Temple   | Became a worshipper of Kikubaaqudgha
  6794 | D:7      | Reached skill level 10 in Spellcasting
  7145 | D:7      | Noticed Maurice
  7152 | D:7      | Something stole a +5 ring of evasion
  7153 | D:7      | Something stole 4 large rocks
  7158 | D:7      | Something stole a +0 spear of freezing
  7163 | D:7      | Something stole 23 gold
  7272 | D:7      | Something stole 337 gold
  7377 | D:6      | HP: 2/74 [something (6)]
  7378 | D:6      | Slain by Maurice

Illustrated notes

Levels and vault maps discovered:
D:1:      orjb1_lava_funnel, layout_rooms
D:2:      minmay_spotlight, layout_loops_corners, serial_shops, shop,
          uniq_natasha, uniq_robin
D:3:      layout_basic, st_stairs_2, chequers_mini_garden, uniq_grinder
D:4:      layout_cave_pools, tgw_fedhas, gammafunk_temple_overflow_pools
D:5:      layout_loops_ring, dk_yredelemnul_ordeal, ebering_ghost_rock_garden
D:6:      layout_gridville, nicolae_overflow_crystal_walls,
          mainiacjoe_overflow_catwalk, minmay_temple_entry_mist,
          nrook_pool_corridor, minmay_ruined_shrine
D:7:      layout_basic, uniq_maurice
Temple:   eino_wide_crystal_templ

Skill      XL: |  1  2  3  4  5  6  7  8  9 |
---------------+----------------------------+-----
Spellcasting   | 3 4 5 7 9 10 | 10.3
Summonings     | 4 5 6 8 9 |  9.2
Dodging        | |  1.7
Stealth        | |  1.4

Action                     |  1- 3 |  4- 6 |  7- 9 || total
---------------------------+-------+-------+-------++-------
  Melee: Unarmed           |    11 |       |       ||    11
         Headbutt          |     8 |    17 |    15 ||    40
         Dagger            |    51 |   104 |   124 ||   279
         Spear             |     1 |       |       ||     1
         Punch             |       |       |     1 ||     1
   Cast: Summon Small Mamm |    21 |    14 |    47 ||    82
         Call Imp          |     8 |    13 |    33 ||    54
         Call Canine Famil |     1 |    14 |    29 ||    44
         Summon Lightning  |       |       |    17 ||    17
    Use: Scroll            |       |     7 |     6 ||    13
         Potion            |       |     3 |     2 ||     5
   Stab: Sleeping          |     2 |     1 |       ||     3
         Distracted        |       |       |     3 ||     3
 Armour: Robe              |    32 |    50 |   149 ||   231
  Dodge: Dodged            |    71 |    97 |   110 ||   278
